 Dungeon Crawl Stone Soup version 0.27.1-4-g1640c2035a (webtiles) character file.

Game seed: 3542169867427743524

807 Almogavar the Chopper (level 7, -1/60 HPs)
             Began as a Hill Orc Fighter on Nov 9, 2021.
             Slain by a black bear (3 damage)
             ... on level 5 of the Dungeon.
             The game lasted 00:08:03 (3842 turns).

Almogavar the Chopper (Hill Orc Fighter)            Turns: 3842, Time: 00:08:03

Health: -1/60      AC: 11    Str: 21    XL:     7   Next: 92%
Magic:  7/7        EV:  8    Int:  8    God:
Gold:   234        SH: 15    Dex: 10    Spells: 6/6 levels left

rFire    + . .     SeeInvis .   a - +0 war axe
rCold    . . .     Faith    .   c - +0 kite shield
rNeg     . . .     Spirit   .   b - +0 scale mail
rPois    .         Reflect  +   f - +2 hat
rElec    .         Harm     .   (no cloak)
rCorr    .         Rampage  .   o - +1 pair of gloves
Will     .....                  (no boots)
Stlth    ..........             h - amulet of reflection
HPRegen  0.20/turn              p - ring of flight
MPRegen  0.10/turn              s - ring of protection from fire

@: flying
A: no striking features
a: no special abilities


You were on level 5 of the Dungeon.
You visited 1 branch of the dungeon, and saw 5 of its levels.

You collected 234 gold pieces.

Inventory:

Hand Weapons
 a - a +0 war axe (weapon)
Missiles
 g - 39 stones (quivered)
Armour
 b - a +0 scale mail (worn)
 c - a +0 kite shield (worn)
 f - a +2 hat (worn)
 o - a +1 pair of gloves (worn)
Jewellery
 h - an amulet of reflection (around neck)
 p - a ring of flight (left hand)
 r - a ring of ice
 s - a ring of protection from fire (right hand)
Scrolls
 e - a scroll of blinking
 i - 4 scrolls of teleportation
 l - a scroll of amnesia {unknown}
 m - a scroll of magic mapping {unknown}
 n - a scroll of summoning {unknown}
Potions
 d - 2 potions of might
 j - 4 potions of heal wounds
 k - a potion of curing
 q - a potion of attraction {unknown}


   Skills:
 + Level 4.9 Fighting
 + Level 7.5 Axes
 + Level 5.3 Armour
 + Level 1.5 Dodging
 + Level 0.1 Stealth
 + Level 5.4 Shields


You had 6 spell levels left.
You didn't know any spells.
Your spell library contained the following spells:

 Spells                   Type           Power      Damage    Failure   Level
 Animate Skeleton         Necr           0%         N/A       98%         1
 Pain                     Necr           0%         1d4       98%         1
 Static Discharge         Conj/Air       0%         N/A       99%         2
 Vampiric Draining        Necr           0%         2d6       100%        3
 Dispel Undead            Necr           0%         3d6       100%        4
 Sticky Flame             Conj/Fire      0%         2d3       100%        4


Dungeon Overview and Level Annotations

Branches:
Dungeon (5/15)
 Temple: D:4-7

Altars:
Dithmenos
Gozag
Uskayaw

Shops:
D:3 (


Message History

The black bear is severely wounded.
The black bear goes berserk!
You block the black bear's attack. x2
The black bear barely misses you.
You hit the black bear.
The black bear is almost dead.
You block the black bear's attack. The black bear claws you.
You block the black bear's attack. The black bear barely misses you.
The black bear claws you. The black bear closely misses you.
You barely miss the black bear.
The black bear is almost dead.
You block the black bear's attack. The black bear claws you.
You block the black bear's attack.
The black bear bites you but does no damage.
The black bear claws you but does no damage. x2
You hit the black bear.
The black bear is almost dead.
The black bear bites you!
The black bear claws you but does no damage.
The black bear claws you. The black bear bites you.
You block the black bear's attack. x2
You barely miss the black bear.
The black bear is almost dead.
The black bear bites you! You block the black bear's attack.
The black bear claws you. The black bear closely misses you.
The black bear barely misses you. The black bear claws you.
* * * LOW HITPOINT WARNING * * *
You are too injured to fight recklessly!
You are too injured to fight recklessly!
You barely miss the black bear.
The black bear is almost dead.
The black bear bites you but does no damage.
The black bear claws you.
* * * LOW HITPOINT WARNING * * *
The black bear claws you.
* * * LOW HITPOINT WARNING * * *
The black bear bites you!
* * * LOW HITPOINT WARNING * * *
The black bear claws you but does no damage.
The black bear claws you.
You die...

# #. ## ##. #....
...### .###.# #
#.... ..... ..#..#
##.#.... ....
.#.#.##.........
...### .#
#............ .....
.###.####....... ...
...........# #h#.#
#####.###.## #$@.# #
# #.# #.# ##..#.# #
# #.# #># ##.!.#....
# #.# #.# #.....# #
#.###.## #.###.# #
#.##...####.# ...
#...........# ##..
####...####.........
##.## ##.#####.


You could see a black bear (berserk).

Vanquished Creatures
  Eustachio (D:5)
  Menkaure (D:4)
  An ogre (D:4)
  A phantom (D:4)
  2 water moccasin skeletons
  2 hounds (D:4)
  A bullfrog skeleton (D:4)
  A centaur skeleton (D:4)
  An iguana (D:4)
  5 adders
  2 gnolls
  2 worms
  3 dart slugs
  6 orcs
  4 endoplasms
  4 giant cockroaches
  3 hobgoblins
  5 jackals
  5 kobolds
  5 quokkas
  9 ball pythons
  5 bats
  A frilled lizard (D:3)
  6 goblins
  5 rats
81 creatures vanquished.

Notes
Turn   | Place    | Note
-------+----------+-------------------------------------------
     0 | D:1      | Almogavar the Hill Orc Fighter began the quest for the Orb.
     0 | D:1      | Reached XP level 1. HP: 19/19 MP: 1/1
    58 | D:1      | Reached XP level 2. HP: 22/27 MP: 2/2
   361 | D:1      | Reached skill level 3 in Axes
   380 | D:1      | Reached XP level 3. HP: 32/33 MP: 3/3
  1305 | D:2      | Found a faded altar of an unknown god.
  1759 | D:3      | Found Zyaserghos's Weapon Shoppe.
  1765 | D:3      | Reached XP level 4. HP: 40/40 MP: 4/4
  2049 | D:3      | Found a shadowy altar of Dithmenos.
  2614 | D:4      | Noticed an ogre
  2615 | D:4      | Found an opulent altar of Gozag.
  2618 | D:4      | Killed an ogre
  2619 | D:4      | Reached skill level 4 in Axes
  2619 | D:4      | Reached XP level 5. HP: 31/46 MP: 5/5
  2778 | D:4      | Noticed Menkaure
  2782 | D:4      | Reached skill level 5 in Axes
  2782 | D:4      | Reached skill level 1 in Dodging
  2786 | D:4      | Killed Menkaure
  2787 | D:4      | Reached XP level 6. HP: 40/53 MP: 6/6
  2798 | D:4      | Reached skill level 6 in Axes
  3122 | D:4      | Reached skill level 5 in Shields
  3122 | D:4      | Reached XP level 7. HP: 48/60 MP: 7/7
  3335 | D:4      | Reached skill level 7 in Axes
  3491 | D:4      | Found a hide-covered altar of Uskayaw.
  3626 | D:5      | Entered Level 5 of the Dungeon
  3629 | D:5      | Noticed Eustachio
  3648 | D:5      | Killed Eustachio
  3741 | D:5      | Reached skill level 5 in Armour
  3842 | D:5      | HP: 2/60 [black bear (7)]
  3842 | D:5      | Slain by a black bear

Illustrated notes

Levels and vault maps discovered:
D:1:      dpeg_arrival_lava_temple_mockup, layout_rooms, minmay_crystal_room
D:2:      layout_loops_corners, ebering_ecumenical_altar_abandoned
D:3:      layout_basic, nicolae_dithmenos_shadow_blocks, serial_shops,
          shop_fountains
D:4:      layout_basic, kennysheep_little_box,
          nicolae_gozag_cash_rules_everything_around_me, minmay_mini_jars,
          uniq_menkaure
D:5:      minmay_spotlight, layout_loops_ring, grunt_ashenzari_visionary
          [grunt_ashenzari_visionary_swamp, grunt_ashenzari_visionary_spider],
          uniq_eustachio

Skill      XL: |  1  2  3  4  5  6  7 |
---------------+----------------------+-----
Fighting       | 4 |  4.9
Axes           | 3 4 5 6 7 |  7.5
Shields        | 4 5 |  5.4
Armour         | 4 5 |  5.3
Dodging        | 1 |  1.5
Stealth        | |  0.1

Action                   |  1- 3 |  4- 6 |  7- 9 || total
-------------------------+-------+-------+-------++-------
Melee: War axe           |   120 |    83 |   107 ||   310
  Use: Scroll            |     1 |     2 |     2 ||     5
Armor: Scale mail        |    48 |    27 |    43 ||   118
Dodge: Dodged            |    37 |    13 |    25 ||    75
Block: Kite shield       |   114 |    60 |   107 ||   281
       Reflection        |       |     4 |     2 ||     6
